Gokudera ElPsyCongroo, lawful female dwarven Archeologist ------- |...<.| |......# |.....|### |.....| # |......#########` ------- # -- --- #### -......| ## ----e ##### # ------### .@...-# .%M..|# ..Y. h Gokudera ElPsyCongroo the Field Worker Experience level: 5 Strength: 12 Dexterity: 13 Constitution: 15 Intelligence: 16 Wisdom: 13 Charisma: 9 Health: 0(69) Energy: 14(14) Def: 0 Gold: 0 Moves: 2992 Dungeon seed: zDhXg2KvCoyiRgfN Game ID: Gokudera ElPsyCongroo_1616015553 Your Inventory: Weapons a - an uncursed +2 bullwhip (weapon in hand) w - an uncursed +0 mace D - an uncursed +0 arrow E - a cursed +0 arrow G - an uncursed +0 morning star (alternate weapon; not wielded) Scrolls i - an uncursed scroll of enchant weapon p - 2 uncursed scrolls of blank paper s - an uncursed scroll of earth v - an uncursed scroll of enchant weapon x - an uncursed scroll of identify B - an uncursed scroll of destroy armor Wands l - an uncursed wand of probing (0:5) Tools c - an uncursed oil lamp (0:1183) d - an uncursed +0 pick-axe f - an uncursed tinning kit (0:61) A - an uncursed blindfold K - an uncursed towel M - an uncursed towel Gems q - an uncursed touchstone r - an uncursed worthless piece of white glass H - an uncursed worthless piece of yellowish brown glass L - 2 uncursed fluorite stones Y - 8 uncursed rocks (in quiver) Spells and supernatural/magical abilities: Name Level Category Cost Memory W - pray for help -- divine ? -- Your skills at the end: Fighting Skills wands [Basic] Weapon Skills pick-axe [Basic] whip [Skilled] Spellcasting Skills Final Attributes: You were piously aligned. You were telepathic. You had infravision. You were stealthy. You were slow. Quetzalcoatl was noncommittal. You are dead. Vanquished creatures: a bugbear a paper golem a little dog a floating eye a kobold shaman 2 monkeys a werejackal an iguana 2 coyotes 2 gas spores a giant rat a brown mold 2 green molds a red mold 10 gnomes a gnome zombie 2 geckos a jackal a sewer rat 5 grid bugs 5 lichens 2 newts 45 creatures vanquished. Voluntary challenges: You were an atheist. You used a wielded weapon 106 times, starting on turn 36. You read items or engraved 1 time, starting on turn 1256. You never genocided any monsters. You never polymorphed an object. You never changed form. You used no wishes. You never split a pudding. You never wrote Elbereth's name. You violated your moral code, losing 35 points of alignment, starting on turn 930. Dungeon overview: The Dungeons of Doom: levels 1 to 4 Level 1 a long staircase Level 2 a fountain, a vault Level 3 Level 4 a general store, some fountains, a sink, a vault stairs to The Gnomish Mines The Gnomish Mines: levels 5 to 7 Level 5 stairs to The Dungeons of Doom Level 6 Level 7 <- You were here History has recorded: On T:1 you entered the Dungeons of Doom to retrieve the Amulet of Yendor! On T:195 you reached level 2 of The Dungeons of Doom. On T:471 you reached level 3 of The Dungeons of Doom. On T:522 you advanced to experience level 2. On T:828 you reached level 4 of The Dungeons of Doom. On T:887 you advanced to experience level 3. On T:930 you advanced to experience level 4. On T:1357 you reached level 1 of The Gnomish Mines. On T:1577 you reached level 2 of The Gnomish Mines. On T:1827 you advanced to experience level 5. On T:1995 you reached level 3 of The Gnomish Mines. Score breakdown: Gold: 0 ( 0 points) Experience: 5 levels (11141 points) Exploration: 7 levels ( 14.29%) (10606 points) Discoveries: 14 items ( 4.73%) ( 6524 points) Valuables value: (no points given unless you survive) Artifact value: 0 ( 0 points) Variety of kills: 22 monsters ( 5.79%) ( 7218 points) Turncount: 2992 turns ( -596 points) Survival: died (score multiplied by 80%) Total score: 27914 Latest messages: You miss the dwarf mummy. The dwarf mummy hits! (2x) [2 turns] You hit the dwarf mummy. The dwarf mummy hits! (2x) [2 turns] You hit the dwarf mummy. The dwarf mummy hits! [2 turns] You hit the dwarf mummy! The dwarf mummy hits! (2x) [2 turns] You hit the dwarf mummy. The dwarf mummy hits! (2x) [2 turns] You miss the dwarf mummy. The dwarf mummy hits! [2 turns] You hit the dwarf mummy! The dwarf mummy hits! (2x) You die... Your body rises from the dead as a dwarf mummy... Final status: Goodbye Gokudera ElPsyCongroo the Archeologist, killed by a dwarf mummy... You died in The Gnomish Mines on dungeon level 7 with 27914 points, and 0 pieces of gold, after 2992 moves. You were level 5 with a maximum of 69 hit points when you died.